 Dungeon Crawl Stone Soup version 0.22.0-38-g04b72b8c25 (webtiles) character file.

211 Jorund the Chopper (level 5, 40/40 HPs)
             Began as a Demonspawn Gladiator on Aug 27, 2018.
             Quit the game on level 3 of the Dungeon.
             The game lasted 00:03:54 (2605 turns).

Jorund the Chopper (Demonspawn Gladiator)           Turns: 2605, Time: 00:03:55

Health: 40/40      AC:  5    Str: 15    XL:     5   Next: 57%
Magic:  4/4        EV: 16    Int:  9    God:
Gold:   158        SH:  0    Dex: 15    Spells: 4/4 levels left

rFire    . . .     SeeInvis .   a - +0 war axe
rCold    . . .     Gourm    .   (no shield)
rNeg     . . .     Faith    .   b - +0 leather armour
rPois    .         Spirit   .   c - +1 helmet
rElec    .         Reflect  .   (no cloak)
rCorr    .         Harm     .   (no gloves)
MR       .....     Clarity  +   (no boots)
Stlth    ++........             (no amulet)
HPRegen  0.13/turn              (no ring)
MPRegen  0.09/turn              (no ring)

@: no status effects
A: hooves 1, repulsion field 2, clarity, low mp 1, nightstalker 1, rot immunity
a: no special abilities


You were on level 3 of the Dungeon.
You were near starving.

You visited 1 branch of the dungeon, and saw 3 of its levels.

You collected 158 gold pieces.

Inventory:

Hand Weapons
 a - a +0 war axe (weapon)
Missiles
 d - 3 throwing nets (quivered)
Armour
 b - a +0 leather armour (worn)
 c - a +1 helmet (worn)
 g - a +0 robe of the Archmagi
Jewellery
 i - an uncursed ring of ice {unknown}
Scrolls
 e - 4 scrolls of identify
 h - a scroll of remove curse
 l - a scroll of teleportation
 m - a scroll of magic mapping
Comestibles
 f - 6 rations


   Skills:
 + Level 2.8 Fighting
 * Level 5.2 Axes
 - Level 1.7 Throwing
 + Level 1.1 Armour
 - Level 2.6 Dodging


You had 4 spell levels left.
You didn't know any spells.
Your spell library contained the following spells:

 Spells                   Type           Power        Failure   Level  Hunger
 Magic Dart               Conj           #...         45%         1    ##.....
 Blink                    Tloc           N/A          58%         2    ###....
 Call Imp                 Summ           #.......     58%         2    ###....
 Slow                     Hex            #.......     58%         2    ###....
 Conjure Flame            Conj/Fire      #.......     83%         3    ####...
 Mephitic Cloud           Conj/Pois/Air  #.......     83%         3    ####...


Dungeon Overview and Level Annotations

Branches:
Dungeon (3/15)

Altars:
Trog
Yredelemnul


Innate Abilities, Weirdness & Mutations

You are surrounded by a moderate repulsion field. (EV +3)
You are slightly more attuned to the shadows.
You are immune to rotting.
You have large cloven feet.
You possess an exceptional clarity of mind.
Your magical capacity is low. (-10% MP)


Message History

You kill the jackal!
You barely miss the jackal. The jackal bites you. The jackal barely misses you.
You closely miss the jackal. The jackal bites you. The jackal misses you.
You closely miss the jackal. You kick the jackal, but do no damage.
The jackal misses you.
You hit the jackal. You kick the jackal.
The jackal is severely wounded.
The jackal closely misses you. x2
You hit the jackal.
You kill the jackal!
No target in view!
No target in view!
You are near starving!
Items here: )) [[ a dagger; a robe; a flail; a scale mail Done exploring.
Done exploring.
Are you sure you want to abandon this character and quit the game? (Confirm with "yes".)
Okay, then.
Are you sure you want to abandon this character and quit the game? (Confirm with "yes".)

#.......##..........# #...
#.......##......##.## ####
#.......##..###.##.#######..
#.......##..###.##..........
###......(..................
#.##..##..######.#########
#.##......# #.#
#.##..##).### #.#
#.......)@).# #.#
########.##..##..#.# #.#
.............##..#.# #.#
########.........#.# #.#
#.##........# #.#
#....####.#.# #.#
######.#..####.#.# #.#
#...........##.#.####.#
######.#..............#


There were no monsters in sight!

Vanquished Creatures
  An orc priest (D:3)
  2 orc wizards (D:3)
  4 adders
  2 worms
  4 dart slugs
  2 leopard geckos
  5 orcs (D:3)
  A ball python (D:3)
  7 bats
  3 giant cockroaches
  3 goblins
  9 hobgoblins
  3 jackals (D:3)
  8 kobolds
  7 frilled lizards
  11 rats
  A spectral orc (D:2)
73 creatures vanquished.

Notes
Turn   | Place    | Note
-------+----------+-------------------------------------------
     0 | D:1      | Jorund the Demonspawn Gladiator began the quest for the Orb.
     0 | D:1      | Reached XP level 1. HP: 16/16 MP: 1/1
    92 | D:1      | Reached skill level 3 in Axes
   165 | D:1      | Gained mutation: You are immune to rotting. [demonic ancestry]
   165 | D:1      | Reached XP level 2. HP: 21/22 MP: 2/2
   718 | D:2      | Gained mutation: You are surrounded by a mild repulsion field. (EV +2) [demonic ancestry]
   718 | D:2      | Reached XP level 3. HP: 20/28 MP: 3/3
   980 | D:2      | Reached skill level 4 in Axes
  1059 | D:2      | Found a basalt altar of Yredelemnul.
  1457 | D:3      | Gained mutation: You have large cloven feet. [potion of mutation]
  1457 | D:3      | Gained mutation: Your magical capacity is low. (-10% MP) [potion of mutation]
  1457 | D:3      | Gained mutation: You possess an exceptional clarity of mind. [potion of mutation]
  1506 | D:3      | Gained mutation: You are surrounded by a moderate repulsion field. (EV +3) [demonic ancestry]
  1506 | D:3      | Reached XP level 4. HP: 34/34 MP: 3/3
  1781 | D:3      | Gained mutation: You are slightly more attuned to the shadows. [demonic ancestry]
  1781 | D:3      | Reached XP level 5. HP: 25/39 MP: 4/4
  1783 | D:3      | Reached skill level 5 in Axes
  1788 | D:3      | Reached skill level 1 in Armour
  2435 | D:3      | Noticed a moth of wrath
  2438 | D:3      | Found a bloodstained altar of Trog.
  2605 | D:3      | Quit the game

Skill      XL: |  1  2  3  4  5 |
---------------+----------------+-----
Axes           | 3 4 5 |  5.2
Armour         | 1 |  1.1
Fighting       | |  2.8
Throwing       | |  1.7
Dodging        | |  2.6

Action                   |  1- 3 |  4- 6 || total
-------------------------+-------+-------++-------
Melee: War axe           |   111 |    73 ||   184
       Kick              |       |    23 ||    23
  Use: Scroll            |    10 |       ||    10
       Potion            |     1 |     2 ||     3
 Stab: Sleeping          |     2 |     3 ||     5
  Eat: Chunk             |     1 |     3 ||     4
Armor: Leather armour    |    34 |    24 ||    58
Dodge: Dodged            |    84 |    61 ||   145
